 Dungeon Crawl Stone Soup version 0.30-a0-948-g4fa250aae5 (webtiles) character file.

Game seed: 6543614242025677882

123 Iniera the Conjurer (level 5, -1/29 HPs)
             Began as a Kobold Conjurer on Mar 26, 2023.
             Slain by Grinder (3 damage)
             ... while paralysed by Grinder
             ... on level 3 of the Dungeon.
             The game lasted 00:05:27 (2999 turns).

Iniera the Conjurer (Kobold Conjurer)               Turns: 2999, Time: 00:05:27

Health: -1/29      AC:  4    Str:  5    XL:     5   Next: 29%
Magic:  1/9        EV:  3    Int: 21    God:
Gold:   187        SH:  0    Dex: 13    Spells: 3/10 levels left

rFire   . . .      SeeInvis .    (weapon restricted)
rCold   . . .      Faith    .    (no shield)
rNeg    . . .      Spirit   .    a - +0 robe
rPois   .          Reflect  .    (no helmet)
rElec   .          Rampage  .    f - +1 cloak
rCorr   .                        (no gloves)
Will    .....                    (no boots)
Stlth   +++                      (no amulet)
HPRegen 0.24/turn                (no ring)
MPRegen 0.11/turn                (no ring)

@: paralysed
A: small, no large weapons, nightstalker 3
a: no special abilities


You were on level 3 of the Dungeon.
You visited 1 branch of the dungeon, and saw 3 of its levels.

You collected 187 gold pieces.

Inventory:

Armour
 a - a +0 robe (worn)
 f - a +1 cloak (worn)
Wands
 p - a wand of acid (14)
Scrolls
 c - 2 scrolls of poison {unknown}
 d - 2 scrolls of noise {unknown}
 i - 3 scrolls of teleportation {unknown}
 j - a scroll of enchant armour {unknown}
 k - a scroll of fear {unknown}
 n - a scroll of identify {unknown}
 q - a scroll of brand weapon {unknown}
Potions
 b - a potion of magic
 e - a potion of attraction {unknown}
 g - a potion of mutation {unknown}
 h - a potion of might {unknown}
 l - a potion of lignification {unknown}
 m - a potion of curing {unknown}
 o - a potion of degeneration {unknown}


   Skills:
 + Level 1.3 Fighting
 + Level 3.3 Dodging
 + Level 3.7 Stealth
 + Level 3.0 Spellcasting
 * Level 4.8 Conjurations
 + Level 0.4 Hexes
 + Level 0.3 Translocations


You had 3 spell levels left.
You knew the following spells:

 Your Spells              Type           Power      Damage    Failure   Level
a - Magic Dart            Conj           92%        1d7       1%          1
b - Searing Ray           Conj           46%        2d6       2%          2
c - Fulminant Prism       Conj/Hex       7%         3d7       41%         4

Your spell library contained the following spells:

 Spells                   Type           Power      Damage    Failure   Level
 Kiss of Death            Conj/Necr      52%        2d9       4%          1
 Dazzling Flash           Conj/Hex       28%        N/A       14%         3
 Sublimation of Blood     Necr           3%         N/A       21%         2
 Wereblood                Tmut           3%         N/A       21%         2
 Confusing Touch          Hex            4%         N/A       34%         3
 Summon Guardian Golem    Hex/Summ       4%         N/A       36%         3
 Iskenderun's Mystic Bla  Conj/Tloc      13%        2d5       43%         4
 Dispel Undead            Necr           3%         3d7       78%         4
 Orb of Destruction       Conj           11%        9d6       100%        7
 Spellforged Servitor     Conj/Summ      6%         N/A       100%        7
 Summon Hydra             Summ           1%         N/A       100%        7


Dungeon Overview and Level Annotations

Branches:
Dungeon (3/15)

Altars:
Kikubaaqudgha

Annotations:
D:3 Grinder


Innate Abilities, Weirdness & Mutations

You are small and have problems with some larger weapons.
You are completely attuned to the shadows.


Message History

Confirm with . or Enter, or press ? or * to list all spells.
Aiming: Searing Ray (safe; 2% risk of failure)
Press: ? - help, Shift-Dir - straight line, f - Grinder
Aim: Grinder (75% to hit)
The searing ray hits Grinder.
Grinder is lightly wounded. (Press . to maintain the ray.) Unknown command.
The searing ray hits Grinder!
Grinder is moderately wounded.
The searing ray hits Grinder.
Grinder is heavily wounded.
Grinder barely misses you.
The searing ray hits Grinder.
Grinder is heavily wounded.
You finish channelling your searing ray.
Grinder hits you.
You writhe in agony.
Casting: Searing Ray (safe; 2% risk of failure)
Confirm with . or Enter, or press ? or * to list all spells.
Aiming: Searing Ray (safe; 2% risk of failure)
Press: ? - help, Shift-Dir - straight line, f/p - Grinder
Aim: Grinder (heavily wounded, 75% to hit)
The searing ray hits Grinder.
Grinder is severely wounded. (Press . to maintain the ray.) Grinder barely misses you.
The searing ray hits Grinder.
Grinder is severely wounded.
Grinder completely misses you.
The searing ray hits Grinder.
Grinder is almost dead.
Grinder gestures at you.
You suddenly lose the ability to move!
Grinder hits you.
You writhe in agony.
Grinder hits you.
You writhe in agony.
* * * LOW HITPOINT WARNING * * *
Grinder hits you.
* * * LOW HITPOINT WARNING * * *
You writhe in agony.
You die...

### ####
.#.#.######
#.⌠.#.⌠.#...##
##.#.#.#.#.#.#.###
#(..#.⌠.#.⌠.#.⌠.#.
#⌠5⌠.#.#.#.#.#..'.
#@_...#.⌠.#.⌠.#.'.
#⌠.⌠.#.#.#.#.#..'.
#...#.⌠.#.⌠.#.⌠.##
##.#.#.#.#.#.#.#
##.⌠.#.⌠.#.
##.#.#.## #######


You could see Grinder.

Vanquished Creatures
  A vampire bat (D:3)
  Natasha (D:2)
  2 dart slugs
  4 orcs
  A bat skeleton (D:3)
  5 bat zombies (D:3)
  4 endoplasms
  2 giant cockroaches
  4 goblins
  11 hobgoblins
  2 kobolds
  2 quokkas
  2 bats
  3 frilled lizards
  4 rats
48 creatures vanquished.

Notes
Turn   | Place    | Note
-------+----------+-------------------------------------------
     0 | D:1      | Iniera the Kobold Conjurer began the quest for the Orb.
     0 | D:1      | Reached XP level 1. HP: 10/10 MP: 3/3
   225 | D:1      | Found a faded altar of an unknown god.
   546 | D:1      | Reached XP level 2. HP: 10/16 MP: 0/5
  1138 | D:1      | Learned a level 2 spell: Searing Ray
  1352 | D:2      | Reached XP level 3. HP: 20/20 MP: 3/6
  1456 | D:2      | Noticed Natasha
  1460 | D:2      | Killed Natasha
  1461 | D:2      | Reached skill level 1 in Fighting
  1704 | D:2      | Reached XP level 4. HP: 25/25 MP: 2/7
  2773 | D:3      | Noticed Grinder
  2776 | D:3      | Found an ancient bone altar of Kikubaaqudgha.
  2879 | D:3      | Reached XP level 5. HP: 29/29 MP: 0/9
  2970 | D:3      | Learned a level 4 spell: Fulminant Prism
  2996 | D:3      | Paralysed by Grinder for 5 turns
  2999 | D:3      | Slain by Grinder

Illustrated notes

Levels and vault maps discovered:
D:1:      sevenhm_arrival_forest_fort_small_4, layout_loops_corners,
          chequers_ecumenical_altar_grove
D:2:      layout_loops_cross, guppyfry_early_orc_mine, uniq_natasha
D:3:      layout_rooms, kennysheep_vampire_church,
          lemuel_coloured_pillars_altar, grunt_temple_overflow_open,
          uniq_grinder

Skill      XL: |  1  2  3  4 |
---------------+-------------+-----
Stealth        | 3 |  3.7
Fighting       | 1 |  1.3
Dodging        | 3 |  3.3
Spellcasting   | 3 |  3.0
Conjurations   | |  4.8
Hexes          | |  0.4
Translocations | |  0.3

Action                     |  1- 3 |  4- 6 || total
---------------------------+-------+-------++-------
  Melee: Unarmed           |    25 |     7 ||    32
   Cast: Magic Dart        |    48 |    50 ||    98
         Searing Ray       |       |     4 ||     4
 Armour: Robe              |     7 |     6 ||    13
  Dodge: Dodged            |    30 |    50 ||    80

Table legend: (Time is in decaauts)
 A = Elapsed time spent in this place.
 B = Non-inter-level travel time spent in this place.
 C = Inter-level travel time spent in this place.
 D = Time resting spent in this place.
 E = Time spent auto-exploring this place.
 F = Levels seen in this place.
 G = Mean time per level.
                   A        B        C        D        E       F      G
               +--------+--------+--------+--------+--------+-----+--------+
         Total |   2998 |   2950 |     48 |    254 |   2379 |   3 |  999.3 |
       Dungeon |   2998 |   2950 |     48 |    254 |   2379 |   3 |  999.3 |
               +--------+--------+--------+--------+--------+-----+--------+

Top non-repeatable levels by time:
     D:1: 1345 daAuts
     D:2: 1085 daAuts
     D:3: 567 daAuts
